[Event "German Bundesliga 2022-23"]
[Site "Germany"]
[Date "2002.01.09"]
[Round "4"]
[White "Kuznecovs, Nikita"]
[Black "Hausrath, Daniel"]
[Result "0-1"]
[ECO "E62"]
[WhiteElo "2307"]
[BlackElo "2461"]
[Annotator "TA"]
[PlyCount "142"]
[EventDate "2022.10.21"]
[EventType "team-tourn"]
[EventCountry "GER"]
[SourceTitle "playchess.com"]
[Source "ChessBase"]
[SourceQuality "1"]
[TimeControl "40/6000+30:3000+30"]

1. Nf3 Nf6 2. g3 g6 3. c4 Bg7 4. Bg2 O-O 5. O-O d6 6. d4 c6 7. Nc3 Qa5 8. h3 Qa6 9. b3 b5 10. Nd2 {[%emt 0:39:30] And now cxb5 would win.} Bb7 {[%emt 0:01:30] E62: King's Indian: Fianchetto: 6...c6 and Panno Variation (6...Nc6) without ...a6.} 11. Bb2 Nbd7 12. Qc2 {[%emt 0:02:30] [#]} Rfc8 $146 {[%emt 0:11:30] The position is equal.} ({Predecessor:} 12... bxc4 13. Nxc4 Nb6 14. Nd2 Nbd5 15. a3 Nxc3 16. Qxc3 Nd5 17. Qc4 Qb6 18. Qc2 a5 {½-½ (39) Toloza Soto,P (2347)-Egger Mancilla,J (2421) Chile 2000}) 13. Kh2 bxc4 14. bxc4 Nb6 15. Qb3 (15. Nd1 $11 {feels stronger.}) 15... Rab8 16. a4 (16. Rfc1 $15) 16... Qa5 (16... c5 $1 $17 17. Nb5 Bxg2 18. Kxg2 Qb7+ 19. d5 Nfxd5 20. cxd5 c4 21. Nxc4 Qxd5+ 22. Qf3 Qxf3+ 23. Kxf3 Rxc4 24. Bxg7 Kxg7 25. Nxa7 Nxa4) 17. Rab1 Ba6 18. Ba1 c5 19. d5 {[%emt 0:03:56] [#]} Nbd7 (19... Nfd7 $1 $17 {next ...Ne5 is good for Black.} 20. Rfd1 Ne5) 20. Qc2 $11 Rb4 21. Nb5 Qxa4 (21... Rxa4 22. Nxa7 Ra2 23. Rb2 $11) 22. Qxa4 Rxa4 23. Nxa7 Re8 24. Nb5 (24. Nc6 $1 $11) 24... Bxb5 25. Rxb5 Ra2 26. Rd1 Ng4+ 27. hxg4 {[%emt 0:00:10] Black must now prevent Bxg7.} Bxa1 28. Rb3 Rb8 29. Rxb8+ Nxb8 30. Bf1 Nd7 31. f4 (31. g5 $142) 31... Nf6 $17 32. Kh3 Bc3 {[%emt 0:00:06] Inhibits g5.} 33. g5 Bxd2 {[%emt 0:04:50] Black is more active.} ({Stronger than} 33... Rxd2 34. Rxd2 Bxd2 35. gxf6 exf6 36. e4 $15) 34. gxf6 exf6 {[%emt 0:00:02][%mdl 4096] Endgame KRB-KRB} 35. Kg2 h5 36. Rb1 Bb4 37. Kf3 f5 (37... g5 $142 38. g4 Ra3+ 39. e3 Bd2 40. gxh5 Rxe3+ 41. Kg2 Rc3) 38. e3 Ra3 39. Rd1 Kf8 40. Bd3 Ke7 41. Ke2 Ra2+ 42. Kf3 Kd8 43. Rc1 Kc7 44. Rc2 Ra3 45. Bf1 Bc3 46. Kf2 (46. Bd3 $142) 46... Kb6 47. Re2 Kc7 $2 ({Better is} 47... Ka5 $17 {Threatens to win with ...Kb4.} 48. e4 Bd4+ 49. Kg2 fxe4 50. Rxe4 Kb4) 48. Kg2 (48. Rc2 $1 $11 {was the only way to keep the balance.}) 48... Bf6 49. Kf3 g5 (49... Kb6 $17 50. Rd2 Ra4) 50. fxg5 $15 Bxg5 51. Bh3 {[%emt 0:04:30] Black converts the advantage convincingly.} (51. Rh2 $1 $15) 51... Rc3 $17 52. Bxf5 Rxc4 53. Rh2 Rc3 54. Rxh5 Bxe3 ({Don't play} 54... Rxe3+ 55. Kf2 $16) 55. Rh7 Bd4+ 56. Ke4 (56. Kg2 $17) 56... Rxg3 57. Rxf7+ (57. Rh3 $142 Rg1 58. Rf3) 57... Kb6 $19 58. Rd7 {[%emt 0:00:30] [#]} Be5 59. Rd8 Kb5 60. Rb8+ Kc4 61. Bc8 Rg1 62. Ba6+ Kc3 63. Rc8 Re1+ 64. Kf5 Kd4 65. Bb7 $2 (65. Rg8) 65... Rf1+ {[%emt 0:00:16] Black is clearly winning.} 66. Ke6 Rf6+ 67. Ke7 Rh6 {[%emt 0:00:58] Hoping for ...Rh7+.} 68. Kd7 (68. Bc6 $142) 68... c4 {[%emt 0:00:26][%cal Bc5c4,Bc4c3,Bc3c2][%mdl 32] aiming for ...Rh7+.} 69. Ba6 c3 ({Worse is} 69... Kxd5 70. Bxc4+ Ke4 71. Rc6 $11) 70. Bc4 Rh1 71. Ke6 c2 {[%emt 0:00:28] Weighted Error Value: White=0.22 (precise) /Black=0.15 (very precise)} 0-1

[Event "German Bundesliga 2022-23"]
[Site "Germany"]
[Date "2022.11.27"]
[Round "4.1"]
[White "McShane, Luke J"]
[Black "Kadric, Denis"]
[Result "1/2-1/2"]
[ECO "C42"]
[WhiteElo "2637"]
[BlackElo "2582"]
[Annotator "TA"]
[PlyCount "81"]
[EventDate "2022.10.21"]
[EventType "team-tourn"]
[EventCountry "GER"]
[SourceTitle "playchess.com"]
[Source "ChessBase"]
[SourceQuality "1"]
[TimeControl "40/6000+30:3000+30"]

1. e4 e5 2. Nf3 Nf6 3. Nxe5 d6 4. Nd3 Nxe4 5. Qe2 Qe7 6. Nf4 {[%emt 0:00:05] [#] Hoping for Nd5. C42: Petroff Defence: 3 Nxe5 and unusual White 3rd moves.} Nc6 {[%emt 0:00:08] Strongly threatening ...Nd4.} 7. c3 {[%emt 0:00:10] Against Nd4. aiming for Nd5.} Nf6 {[%emt 0:00:05] Inhibits Nd5.} 8. d4 g6 9. h4 h5 10. Na3 {[%emt 0:01:10] [#]} Bg7 $146 ({Predecessor:} 10... a6 11. Nc4 Bg7 12. f3 O-O 13. Qxe7 Nxe7 14. Kf2 b5 15. Ne3 c5 16. dxc5 dxc5 {½-½ (44) Nepomniachtchi,I (2773)-Wei,Y (2736) Abidjan 2019}) 11. Nc4 O-O 12. Qxe7 Nxe7 13. a4 Bd7 14. f3 b6 15. Kf2 a6 16. Be2 b5 17. Ne3 Rfb8 18. Rd1 Bh6 19. Nc2 Kg7 (19... bxa4 $15 20. Nxg6 Nxg6 21. Bxh6 Rxb2) 20. a5 $11 Bf5 21. Nb4 Bxf4 22. Bxf4 Nfd5 23. Nxd5 Nxd5 24. Bd2 Be6 25. Bd3 Nf6 26. Rdb1 Re8 27. b3 Rab8 28. Bc2 Bf5 29. Bxf5 gxf5 30. Re1 Re6 31. Rac1 Kg6 32. Rc2 Nd5 33. Rcc1 Nf6 34. Kg3 Rb7 {[%emt 0:01:36] The position is equal.} 35. Bg5 Rb8 36. Bxf6 Kxf6 37. Kf2 Rbe8 38. Rxe6+ fxe6 39. c4 {[%emt 0:00:30] [#] Black must now prevent cxb5.} Rb8 40. c5 {[%emt 0:01:18] cxd6 is the strong threat.} d5 41. f4 {[%emt 0:08:30] Prevents e5.   Weighted Error Value: White=0.09 (flawless) /Black=0.08 (flawless)} (41. Re1 $11) 1/2-1/2

[Event "German Bundesliga 2022-23"]
[Site "Germany"]
[Date "2022.11.27"]
[Round "4.2"]
[White "Ivanisevic, Ivan"]
[Black "Areshchenko, Alexander"]
[Result "1/2-1/2"]
[ECO "A04"]
[WhiteElo "2533"]
[BlackElo "2632"]
[Annotator "TA"]
[PlyCount "110"]
[EventDate "2022.10.21"]
[EventType "team-tourn"]
[EventCountry "GER"]
[SourceTitle "playchess.com"]
[Source "ChessBase"]
[SourceQuality "1"]
[TimeControl "40/6000+30:3000+30"]

1. Nf3 c5 2. b3 d5 3. e3 Nf6 4. Bb2 e6 5. c4 Be7 6. cxd5 exd5 7. Bb5+ {[%emt 0:00:50] A13: English Opening: 1...e6.} Nbd7 8. O-O a6 9. Be2 O-O 10. d4 b6 11. Nc3 Bb7 12. Rc1 Rc8 13. dxc5 bxc5 {[%emt 0:01:38] [#]} 14. Rc2 $146 ({Predecessor:} 14. Bd3 Qa5 15. Bf5 Rfd8 16. Qe2 g6 17. Bh3 Rc7 18. Rfd1 Nb6 19. a3 Nbd7 20. Nd2 {1-0 (60) Mabrouk,F (2036)-Moussa,A (1805) Sousse 2021}) 14... Re8 15. Rd2 Bd6 16. Nxd5 Nxd5 17. Rxd5 Bxd5 18. Qxd5 Nb6 (18... Be5 {simplifies} 19. Bc1 Nb8 20. Qxd8 Rcxd8 21. Bd2 Bb2) 19. Qf5 Qd7 20. Qc2 h6 {[%emt 0:06:13] Prevents Ng5.} 21. Bxa6 Ra8 22. Bd3 Rxa2 23. Bh7+ {[%emt 0:00:53] This pair of bishops is nice.} ({Of course not} 23. Qc3 Rxb2 $1 24. Qxb2 Bxh2+ $1 25. Kxh2 Qxd3 $11) 23... Kh8 24. Bf5 {[%emt 0:00:29] Chess con chili.} Qa7 25. Qc3 (25. Qd2 {feels hotter.} Kg8 26. Qc3 Bf8 27. Bb1) 25... Rxb2 26. Qxb2 Qe7 27. Qc2 Qf6 28. Rd1 Ra8 29. g3 g6 30. Be4 Ra1 31. Rxa1 Qxa1+ 32. Kg2 {[%emt 0:00:07][%cal Oe4g6] And now Bxg6! would win.} Kg7 33. Qd3 Qf6 34. Qb5 Bf8 35. Bc6 Nc8 {[%emt 0:00:21] aiming for ...Na7.} 36. Bd5 Qd8 37. Bc4 {[%emt 0:02:39] White has more active pieces.} Qc7 38. Qe8 Nd6 39. Qe5+ Kg8 40. h4 Bg7 41. Qd5 h5 {[%emt 0:50:53] [#]} (41... Nxc4 {is a better defense.} 42. bxc4 Bc3) 42. Bd3 $1 $18 Kf8 43. e4 {[%emt 0:00:00][%cal Be3e4,Be4e5][%mdl 32] e5 is the strong threat.} Nb7 44. e5 {[%emt 0:00:00] Black must now prevent e6.} Nd8 {[%emt 0:00:00] Inhibits e6.} 45. Bc4 Ke7 46. Qe4 Bh6 47. Ne1 Bd2 {[%emt 0:00:00] [#]} 48. Nd3 Bc3 49. f4 Bd4 50. f5 Qc6 (50... gxf5 51. Qxf5 Qc6+ 52. Kh2 Qg6) 51. f6+ Kf8 52. Kf3 Qc8 53. Kg2 {[%emt 0:00:00] Against Qh3+} (53. Nf4 $142) 53... Qc6 $1 54. Bd5 Qa6 55. Bc4 (55. Nf4 $142) 55... Qc6 {[%mdl 32768] Weighted Error Value: White=0.26 (precise) /Black=0.17 (very precise) . An unexpected result.} 1/2-1/2

[Event "German Bundesliga 2022-23"]
[Site "Germany"]
[Date "2022.11.27"]
[Round "4.3"]
[White "Kamsky, Gata"]
[Black "Pavlidis, Antonios"]
[Result "1/2-1/2"]
[ECO "D00"]
[WhiteElo "2666"]
[BlackElo "2551"]
[Annotator "TA"]
[PlyCount "53"]
[EventDate "2022.10.21"]
[EventType "team-tourn"]
[EventCountry "GER"]
[SourceTitle "playchess.com"]
[Source "ChessBase"]
[SourceQuality "1"]
[TimeControl "40/6000+30:3000+30"]

1. d4 d5 2. Bf4 c5 3. e3 Nc6 4. c3 Qb6 5. Qb3 c4 6. Qc2 {[%emt 0:00:06] D00: 1 d4 d5: Unusual lines.} e5 $1 {[%emt 0:00:22][%mdl 4] is currently scoring better than 6...Bf5.} 7. Bxe5 {[%emt 0:08:29] With the idea Bf4.} (7. dxe5 $5 Bf5 8. Qc1 $11 (8. Qxf5 Qxb2 9. e6 fxe6 $17)) 7... Bf5 {[%emt 0:13:30][%mdl 64] [#]} 8. Qc1 {[%emt 0:01:09] The position is equal.} (8. Qxf5 $2 Qxb2 9. Nd2 Qxa1+ 10. Qb1 Qxb1+ 11. Nxb1 Nxe5 12. dxe5 f6 13. exf6 Nxf6 $19) 8... Nxe5 9. dxe5 {[%emt 0:00:03][%cal Ob2b3] [#]} O-O-O $5 $146 {[%emt 0:01:59][%mdl 8] New and interesting.} (9... f6 $11 {remains equal.}) ({Predecessor:} 9... f6 10. Nd2 Bc5 11. exf6 Nxf6 12. Ngf3 O-O 13. Be2 Ng4 14. Nd4 Bxd4 15. cxd4 Rae8 {0-1 (30) Djordjevic,V (2382)-Bluebaum,M (2647) Chess.com INT 2021}) 10. Nf3 f6 11. e6 Bxe6 12. Nbd2 f5 13. g3 Nf6 14. Nd4 Bc5 15. Bg2 g5 16. b3 {[%emt 0:03:32] Prevents f4.} f4 17. bxc4 (17. exf4 $16 gxf4 18. bxc4 (18. N2f3 Ne4 $11)) 17... fxe3 $1 $11 (17... dxc4 $2 18. Rb1 (18. gxf4 Bd5 $14) 18... Bxd4 19. cxd4 $18 (19. exd4 Qd6 $18)) 18. fxe3 {[%emt 0:00:07] aiming for 0-0.} Ng4 $1 19. Rb1 Qd6 20. N2f3 (20. Qb2 b6 21. cxd5 Bxd5 22. Bxd5 Qxd5 $15) (20. O-O $5) 20... Bd7 {[%emt 0:15:19][%cal Og4e3] White must now prevent ...Nxe3! This pair of bishops is nice.} 21. O-O ({But not} 21. Nxg5 Qf6 22. Ngf3 {[#]} (22. Qb2 $2 b6 $19) 22... Nxe3 $1 $17) 21... Rde8 22. Nxg5 {[%emt 0:12:43] Strongly threatening Nf7.} Qh6 23. Ngf3 (23. h4 $11) 23... Qxe3+ $17 {[%emt 0:01:46] Black is better.} 24. Kh1 Nf2+ 25. Rxf2 Qxf2 26. cxd5 Rhf8 ({Much less strong is} 26... Qxa2 27. Nd2 Qa3 28. Qd1 $11) 27. Ng5 {[%emt 0:02:37] Weighted Error Value: White=0.20 (precise) /Black=0.10 (very precise)} 1/2-1/2

[Event "German Bundesliga 2022-23"]
[Site "Germany"]
[Date "2022.11.27"]
[Round "4.3"]
[White "Efimenko, Zahar"]
[Black "Plenca, Julijan"]
[Result "1-0"]
[ECO "C78"]
[WhiteElo "2583"]
[BlackElo "2437"]
[Annotator "TA"]
[PlyCount "111"]
[EventDate "2022.10.21"]
[EventType "team-tourn"]
[EventCountry "GER"]
[SourceTitle "playchess.com"]
[Source "ChessBase"]
[SourceQuality "1"]
[TimeControl "40/6000+30:3000+30"]

1. e4 e5 2. Nf3 Nc6 3. Bb5 a6 4. Ba4 Nf6 5. O-O b5 6. Bb3 Bc5 7. c3 d6 8. d4 Bb6 9. Be3 $1 {[%emt 0:00:32][%mdl 4] is currently scoring better than 9.a4.} O-O {[%emt 0:02:01] C78: Ruy Lopez: Archangelsk and Möller Defences.} 10. Nbd2 h6 (10... Re8 {feels hotter.} 11. a4 Bg4 12. dxe5 Bxe3 13. exf6 Bxd2 14. Qxd2 Bxf3 15. Qg5 Qxf6 16. Qxf6 gxf6 17. gxf3 Ne5) 11. h3 Rb8 {[%emt 0:07:26] The position is equal.} 12. Re1 Re8 13. Bc2 Bd7 14. a3 Nh7 {[%emt 0:08:15] [#]} 15. Nf1 $146 ({Predecessor:} 15. b4 Qf6 16. Nf1 Nf8 17. Ng3 Rbd8 18. Nh5 Qe7 19. Qd2 Kh7 20. a4 Rb8 21. Ng3 {0-1 (49) Gorbanovsky,O (2308)-Sirosh,I (2314) Karpacz 2015}) 15... a5 16. b3 Qf6 17. Ng3 (17. Rc1 {seems wilder.} Ng5 18. Nxg5 exd4 19. Nh7) 17... g6 (17... Ng5 $11 18. Nxg5 hxg5) 18. dxe5 ({Weaker is} 18. Bxh6 g5 19. Bd3 exd4 20. Bxb5 dxc3 $17) 18... Nxe5 19. Nxe5 Qxe5 (19... Bxe3 {simplifies} 20. Rxe3 Qxe5 21. Qd2 b4) 20. Qd2 Bxe3 21. Qxe3 h5 22. Rad1 Qg7 23. Qd4 Nf8 24. f4 Rb6 25. Ne2 Bc8 (25... Qxd4+ {simplifies} 26. cxd4 b4 27. a4 c5) 26. f5 Qe5 {[%emt 0:01:17] Inhibits Nf4.} (26... Bb7 $14) 27. Qf2 $16 Bb7 28. b4 a4 (28... Bxe4 $2 29. fxg6 Nxg6 30. Ng3 $18) 29. Bb1 Qf6 (29... Bxe4 $2 30. fxg6 Nxg6 31. Ng3 $18) 30. Nf4 Nd7 $2 {[%emt 0:04:38] [#] Black cannot hold the game after this.} (30... Qxc3 $2 31. Rc1 Qf6 32. Rxc7 $18) (30... h4 $16 {was called for.}) 31. fxg6 $1 $18 fxg6 32. Qg3 Ne5 $2 (32... h4 {might work better.} 33. Qxg6+ Qxg6 34. Nxg6 Nf6) 33. Nxh5 Qe7 (33... Qh8 $142) 34. Rf1 {[%emt 0:01:33] Strongly threatening Nf6+.} Rf8 {[%emt 0:01:11] Prevents Nf6+.} 35. Ba2+ Kh8 {[%emt 0:00:40] [#]} 36. Qe3 $1 {[%emt 0:00:50] White wants to mate with Qh6+.} d5 (36... Rxf1+ 37. Rxf1) 37. Rxf8+ Qxf8 38. Rf1 Qe7 39. Qh6+ Kg8 40. exd5 {[%emt 0:01:22] White threatens d6+ and mate.} ({And not} 40. Bxd5+ Bxd5 41. exd5 gxh5 42. Qxh5 Rd6 $15) 40... Nc4 {[%emt 0:00:04] Inhibits d6.} 41. Bxc4 bxc4 42. Nf4 Qe3+ 43. Kh2 (43. Kh1 $142 Rf6 44. Qg5) 43... Rf6 $2 (43... Qe5 44. Kg1 Rf6) 44. Qg5 {[%emt 0:00:00] White is clearly winning.} (44. Rf3 Qe5 $18) 44... Kf7 45. Ne6 Qxg5 46. Nxg5+ {[%emt 0:00:00][%mdl 4096] Endgame KRB-KRN} Ke7 47. Re1+ Kd8 48. Ne6+ Kc8 49. Nc5 Rf8 {[%emt 0:00:00] Prevents Re8+.} 50. Re5 ({Not} 50. Nxa4 Bxd5 51. Nc5 c6 $18) 50... Rd8 51. Nxa4 Bxd5 52. Nc5 c6 (52... Bc6 $142 53. Rg5 Be8) 53. Kg3 Rf8 54. Re1 {[%emt 0:00:00] Prevents Rf1.} Rf5 55. h4 {[%emt 0:00:00] Against Rg5+} Bf7 56. a4 {[%emt 0:00:00] Weighted Error Value: White=0.49/Black=0.53} 1-0

[Event "German Bundesliga 2022-23"]
[Site "Germany"]
[Date "2022.11.27"]
[Round "4.4"]
[White "Burg, Twan"]
[Black "Kollars, Dmitrij"]
[Result "1/2-1/2"]
[ECO "C47"]
[WhiteElo "2519"]
[BlackElo "2611"]
[Annotator "TA"]
[PlyCount "46"]
[EventDate "2022.10.21"]
[EventType "team-tourn"]
[EventCountry "GER"]
[SourceTitle "playchess.com"]
[Source "ChessBase"]
[SourceQuality "1"]
[TimeControl "40/6000+30:3000+30"]

1. e4 e5 2. Nf3 Nc6 3. Nc3 Nf6 4. d4 exd4 5. Nxd4 Bb4 6. Nxc6 bxc6 7. Bd3 O-O 8. O-O d5 9. Bd2 Rb8 {[%emt 0:01:12] C47: Scotch Four Knights and Four Knights with 4 g3.} 10. Re1 Bg4 {[%emt 0:00:25] Against e5} 11. Qc1 (11. f3 $5 Be6 12. b3 $11) 11... Re8 12. exd5 cxd5 {[%emt 0:04:03] [#]} 13. Rxe8+ $146 ({Predecessor:} 13. h3 Bh5 14. a3 Bc5 15. b4 Bf8 16. Bf4 Qd7 17. Qd2 Bd6 18. Bg5 Be5 19. Bf4 {1-0 (35) Matlakov,M (2652)-Pichot,A (2600) Riga 2021}) 13... Qxe8 14. Bg5 {[%emt 0:01:49] [#] Black must now prevent Bxf6.} Bxc3 15. bxc3 {[%emt 0:00:35] And now Bxf6 would win.} Ne4 16. Bxe4 ({White should play} 16. Be3 $1 $14 Bf5 17. Bxa7) 16... dxe4 $11 {[%emt 0:00:14] The position is equal.} 17. Qf4 Qd7 18. Qxe4 Bf5 19. Qd4 Qxd4 20. cxd4 Bxc2 21. Bf4 Rb1+ 22. Rxb1 Bxb1 23. a3 c6 {[%emt 0:00:05] A balanced but interesting game.   Weighted Error Value: White=0.06 (flawless) /Black=0.08 (flawless)} 1/2-1/2

[Event "German Bundesliga 2022-23"]
[Site "Germany"]
[Date "2022.11.27"]
[Round "4.4"]
[White "Koelle, Tobias"]
[Black "Edouard, Romain"]
[Result "0-1"]
[ECO "D37"]
[WhiteElo "2430"]
[BlackElo "2548"]
[Annotator "TA"]
[PlyCount "62"]
[EventDate "2022.10.21"]
[EventType "team-tourn"]
[EventCountry "GER"]
[SourceTitle "playchess.com"]
[Source "ChessBase"]
[SourceQuality "1"]
[TimeControl "40/6000+30:3000+30"]

1. d4 Nf6 2. c4 e6 3. Nf3 d5 4. Nc3 a6 5. cxd5 exd5 6. Bg5 {[%emt 0:00:07] D37: Queen's Gambit Declined: 5 Bf4.} Be6 7. e3 Nbd7 8. Bd3 {[%emt 0:00:06] White is slightly better.} c6 9. O-O Bd6 {[%emt 0:00:08] Against Ne5} (9... h6 $5 10. Bf4 g5 $11) 10. Bf4 Qb8 11. Qd2 h6 12. h3 g5 13. Bxd6 Qxd6 14. Nh2 (14. b4 $5 ) 14... Rg8 {[%emt 0:02:03] [#]} 15. b4 $146 ({Predecessor:} 15. f4 gxf4 16. exf4 Bxh3 17. Rae1+ Kf8 18. Rf2 Bg4 19. Re5 Rg7 20. Qe3 Ng8 21. Nxg4 Rxg4 {0-1 (43) Salomon,J (2509)-Demchenko,A (2671) Teplice 2019}) 15... h5 (15... Qxb4 16. Rfb1 Qd6 17. Rxb7 $16) 16. a4 g4 17. hxg4 hxg4 18. g3 Rh8 (18... Ke7 {is interesting.} 19. b5 Rh8 20. Kg2 cxb5 21. axb5 a5) 19. b5 c5 20. bxa6 bxa6 21. dxc5 $2 (21. Kg2 $11 {and White has nothing to worry.}) 21... Qxc5 (21... Qe5 $19 {Hoping for ...Qg5.} 22. c6 Nc5) 22. Rac1 {[%emt 0:13:25][%cal Oc3b5] Strongly threatening Nb5!} Qf8 {[%emt 0:12:16] ...Qg7 is the strong threat.} 23. e4 $2 (23. f4 $17 gxf3 24. Nxf3) 23... Ne5 $19 {[%emt 0:04:44][%cal Oh8h2,Bd7e5,Be5d3,Bd3c1][%mdl 32] And now ...Rxh2! would win.} 24. f4 Qh6 $2 (24... Nxd3 $19 {has better winning chances.} 25. Qxd3 Qc5+ 26. Kh1 dxe4) 25. exd5 $2 (25. Nxd5 $17 Bxd5 26. exd5 Nf3+ 27. Rxf3 (27. Nxf3 $2 Qh1+ 28. Kf2 Qxf3+ 29. Ke1 Qxg3+ 30. Kd1 Nxd5 $19) 27... gxf3 28. d6) 25... Nxd3 ({But not} 25... Nxd5 26. Be4 Nxf4 27. Rxf4 $18 (27. Bxa8 $2 {loses.} Nh3+ 28. Kh1 Qxd2 $19) (27. gxf4 Rd8 $16)) 26. dxe6 Nxc1 {[%emt 0:00:25] Dancing on a razor blade.} 27. exf7+ Kxf7 28. Rxc1 {[%emt 0:00:37][%cal Oc3e4] [#]} Rac8 $1 {[%emt 0:01:12] Threatens to win with ...Qh3.} 29. Rc2 $2 {[%emt 0:01:39] [#]} (29. Qa2+ Kg7 30. Qf2) 29... Qxh2+ $1 {[%emt 0:07:46][%mdl 512] Black is clearly winning.} 30. Qxh2 Rxh2 31. Kxh2 Ne4 {[%emt 0:00:27] Weighted Error Value: White=0.62/Black=0.28 (precise)} 0-1

[Event "German Bundesliga 2022-23"]
[Site "Germany"]
[Date "2022.11.27"]
[Round "4.5"]
[White "Zilka, Stepan"]
[Black "Swinkels, Robin"]
[Result "1/2-1/2"]
[ECO "B62"]
[WhiteElo "2602"]
[BlackElo "2514"]
[Annotator "TA"]
[PlyCount "63"]
[EventDate "2022.10.21"]
[EventType "team-tourn"]
[EventCountry "GER"]
[SourceTitle "playchess.com"]
[Source "ChessBase"]
[SourceQuality "1"]
[TimeControl "40/6000+30:3000+30"]

1. e4 c5 2. Nf3 d6 3. d4 cxd4 4. Nxd4 Nf6 5. Nc3 Nc6 6. Bg5 e6 7. Qd3 Be7 8. O-O-O O-O 9. h4 {[%emt 0:17:34] B62: Sicilian: Richter-Rauzer: 6...e6: Unusual White 7th moves.} Bd7 {[%emt 0:03:59] seems to push 9...Nxd4 aside.} 10. Be2 Nxd4 11. Qxd4 {[%emt 0:00:15] [#]} Qc7 $146 ({Predecessor:} 11... Bc6 12. Kb1 Qc7 13. f3 Rfd8 14. g4 a6 15. Qd2 b5 16. Bxf6 Bxf6 17. g5 Be5 {1-0 (35) Fogarasi,T (2436)-Wittmann,W (2337) Budapest 2004}) 12. f4 (12. h5 {simplifies} h6 13. Bxf6 Bxf6 14. Qxd6 Qxd6 15. Rxd6 Bc6 16. Bf3) 12... Rfd8 13. f5 Rac8 14. fxe6 Bxe6 15. Rhf1 a6 16. Bxf6 Bxf6 17. Rxf6 gxf6 18. Rd3 {[%emt 0:08:56] [#] Inhibits d5.} ({White should play} 18. Qxf6 $15 Qc5 19. Qf4) 18... Qe7 (18... d5 $1 $17 19. exd5 {[#]} Rxd5 $3 20. Qxf6 Rf5) 19. Rg3+ $15 Kh8 {[%emt 0:00:04] Hoping for ...Rg8.} 20. Rf3 Rc5 21. Rxf6 Re5 22. Qf2 b5 {[%emt 0:06:08][%cal Bb7b5,Bb5b4][%mdl 32] And now ...b4 would win.} 23. Bd3 Rg8 {[%emt 0:00:19][%cal Og8g2] Threatens to win with ...Rxg2!} 24. Rf4 b4 {[%emt 0:05:17] Inhibits a3.} 25. Ne2 ({Wrong is} 25. Nd5 $2 Bxd5 26. g4 Be6 $19) 25... a5 ({Don't play} 25... Bxa2 26. b3 $16) 26. Nd4 Qa7 $1 (26... Bxa2 $2 27. b3 $18) 27. h5 (27. g3 $15) 27... Rxh5 $2 ({Resist} 27... Bxa2 28. b3 Bxb3 29. cxb3 $16) ({Better is} 27... a4 $19 {White must now prevent ...Reg5.} 28. h6 Reg5) 28. Rh4 $1 $11 {[%emt 0:01:26] The position is equal.} Rxh4 29. Qf6+ Rg7 30. Qd8+ Rg8 31. Qf6+ Rg7 32. Qd8+ {[%emt 0:00:05] Weighted Error Value: White=0.18 (very precise) /Black=0.18 (very precise)} 1/2-1/2

[Event "German Bundesliga 2022-23"]
[Site "Germany"]
[Date "2022.11.27"]
[Round "4.5"]
[White "Hracek, Zbynek"]
[Black "Richter, Nils"]
[Result "1/2-1/2"]
[ECO "B13"]
[WhiteElo "2548"]
[BlackElo "2387"]
[Annotator "TA"]
[PlyCount "53"]
[EventDate "2022.10.21"]
[EventType "team-tourn"]
[EventCountry "GER"]
[SourceTitle "playchess.com"]
[Source "ChessBase"]
[SourceQuality "1"]
[TimeControl "40/6000+30:3000+30"]

1. e4 c6 2. d4 d5 3. exd5 cxd5 4. Bd3 Nc6 5. c3 Qc7 6. Ne2 e5 {[%emt 0:04:17] Inhibits Bf4. B13: Caro-Kann: Exchange Variation and Panov-Botvinnik Attack.} 7. dxe5 Nxe5 8. Bb5+ Bd7 {[%emt 0:00:09] White has an edge.} 9. Bxd7+ Qxd7 10. O-O Nf6 (10... Bc5 {keeps more tension.} 11. Re1 Ne7 12. Nf4 f6) 11. Re1 {[%emt 0:04:09] Hoping for Nd4.} Bd6 {[%emt 0:03:46][%cal Bf8d6,Bd6c7,Bc7b6][%mdl 32] [#]} 12. Bg5 $146 {[%emt 0:11:16] [#]} (12. Bf4 $11 {remains equal.} O-O 13. Bxe5 Bxe5 14. Nd2) ({Predecessor:} 12. Nd4 O-O 13. Bf4 Rfe8 14. Bxe5 Bxe5 15. Na3 a6 16. Nac2 Rad8 17. Qf3 Qg4 18. Qxg4 Nxg4 {½-½ (29) Juknis,P (2169)-Bagdanskis,D (1957) Vilnius 2022}) 12... Qf5 ({Much weaker is} 12... Ne4 13. Bf4 $11) (12... Qg4 $1 $17 {...Nf3+ is the strong threat.} 13. Nd2 Nd3 14. Bxf6 Nxe1 15. Qxe1 gxf6) 13. Bxf6 (13. Qa4+ {simplifies} Kf8 14. Qf4 Qxf4 15. Bxf4 Rd8 16. Bxe5 Bxe5 17. Nd4) 13... Qxf6 14. Qxd5 O-O-O {[%emt 0:00:22][%cal Od6a3] White must now prevent ...Ba3!} 15. Ng3 (15. Nd4 $1 $11) 15... Bc7 $36 {[%emt 0:05:33][%mdl 2048] Black is on the roll.} 16. Qe4 ({Don't go for} 16. Qc5 $2 Nd3 17. Qf5+ Qxf5 18. Nxf5 Nxe1 $19) 16... Nd3 17. Rf1 Bb6 ({Not} 17... Nxb2 18. Na3 $15) 18. Qf5+ Qxf5 19. Nxf5 Nxf2 (19... g6 $17 20. Nd4 Nxb2) 20. Nd4 (20. Na3 $1 $15 Ne4+ 21. Nd4) 20... Ng4 (20... Nd3 $17 21. Na3 f6) 21. Rf4 f5 {[%emt 0:03:09] aiming for ...g5.} 22. Na3 $1 g5 (22... Ne3 $15 {might be stronger.}) 23. Rxf5 $11 {[%emt 0:02:24] The position is equal.} Rxd4 24. cxd4 Bxd4+ 25. Kh1 Nf2+ 26. Kg1 Ng4+ 27. Kh1 {[%emt 0:00:07] Weighted Error Value: White=0.23 (precise) /Black=0.22 (precise)} 1/2-1/2